AoeStats
← lSLIPPYl

Arabia

506039123Analyzed
3v3 RM · 21d ago on Sep 12, 2026· 101m 15s· 6 players
Game mode
Random Map
Map size
Normal (6 player)
Population
200
Speed
Normal
Resources
Standard
Victory
Conquest
Starting age
Dark Age
Ending age
Imperial Age
RankedLock teamsTeams togetherTeam positionsShared explorationLock speedFull tech treeHidden civsTurbo modeCheats
Victory
Defeat
🇺🇸 Bohemians · United States
765
+12
🇺🇸 Romans · United States
681
+13
🇺🇸 Teutons · United States
657
+15
🇦🇷 Franks · Argentina
670
-14
🇦🇷 Spanish · Argentina
607
-12
🇦🇷 Burgundians · Argentina
607
-12
Stopgriping
3:42 Loom
11:28 Feudal Age
17:46 Castle Age
17:38 Double-Bit Axe
24:09 Horse Collar
27:53 Ballistics
34:33 Imperial Age
31:39 Pikeman
34:57 Scale Mail Armor
35:09 Forging
37:57 Heavy Plow
39:28 Wheelbarrow
40:11 Chain Mail Armor
43:08 Bow Saw
43:36 Masonry
44:36 Plate Mail Armor
46:57 Hand Cart
48:16 Chemistry
46:43 Halberdier
59:11 Padded Archer Armor
61:14 Fletching
61:40 Leather Archer Armor
62:02 Iron Casting
66:40 Houfnice
73:39 Blast Furnace
72:35 Bodkin Arrow
Sinister Yankee
4:47 Loom
11:18 Feudal Age
11:49 Double-Bit Axe
18:07 Wheelbarrow
19:35 Castle Age
21:37 Bow Saw
22:21 Fletching
23:30 Town Watch
27:22 Imperial Age
26:00 Bodkin Arrow
27:07 Scale Mail Armor
27:10 Padded Archer Armor
29:14 Chain Mail Armor
29:10 Forging
29:25 Gold Mining
30:42 Horse Collar
32:54 Chemistry
34:00 Stone Mining
34:11 Arson
35:43 Wheelbarrow
36:21 Pikeman
39:36 Hand Cart
40:28 Leather Archer Armor
40:21 Scale Barding Armor
41:01 Conscription
42:16 Stone Shaft Mining
42:55 Heavy Plow
44:28 Two-Man Saw
43:18 Halberdier
44:56 Squires
44:43 Gambesons
46:00 Ballistics
45:10 Man-at-Arms
47:01 Ring Archer Armor
46:43 Arrowslits
47:09 Fortified Wall
47:47 Ironclad
48:23 Caravan
48:47 Block Printing
48:28 Capped Ram
49:14 Town Patrol
52:24 Illumination
52:11 Redemption
53:49 Cavalier
54:40 Bloodlines
55:02 Crenellations
55:19 Hoardings
57:40 Long Swordsman
57:47 Elite Teutonic Knight
60:33 Crop Rotation
62:54 Onager
63:44 Two-Handed Swordsman
64:01 Elite Skirmisher
69:33 Sanctity
69:16 Guard Tower
69:38 Masonry
69:33 Siege Engineers
69:49 Bombard Tower
71:13 Keep
83:06 Iron Casting
83:02 Plate Mail Armor
82:53 Chain Barding Armor
86:56 Champion
90:24 Paladin
92:15 Siege Onager
lSLIPPYl
7:22 Loom
11:34 Feudal Age
13:07 Wheelbarrow
14:18 Man-at-Arms
17:51 Forging
34:33 Castle Age
32:23 Double-Bit Axe
33:45 Gold Mining
33:39 Horse Collar
34:15 Scale Barding Armor
36:27 Bow Saw
37:01 Iron Casting
36:47 Chain Barding Armor
41:18 Pikeman
43:06 Hand Cart
43:03 Squires
45:05 Long Swordsman
46:31 Ballistas
50:15 Imperial Age
49:42 Heavy Plow
50:19 Caravan
51:54 Conscription
51:03 Heavy Scorpion
52:28 Halberdier
53:56 Bloodlines
53:57 Husbandry
57:38 Light Cavalry
61:30 Legionary
97:44 Capped Ram
EL EDU
0:33 Loom
11:20 Feudal Age
12:55 Wheelbarrow
12:57 Double-Bit Axe
15:31 Scale Barding Armor
15:45 Forging
23:40 Castle Age
22:27 Gold Mining
23:21 Stone Mining
25:21 Husbandry
26:22 Hand Cart
26:03 Light Cavalry
29:55 Bow Saw
31:00 Town Watch
33:38 Gold Shaft Mining
33:41 Iron Casting
35:27 Chain Barding Armor
36:05 Fletching
36:59 Coinage
36:30 Caravan
38:08 Bodkin Arrow
37:46 Crossbowman
41:10 #83
46:04 Town Patrol
49:04 Imperial Age
48:03 Ballistics
47:54 Masonry
47:54 Fortified Wall
50:55 Chemistry
49:17 Cavalier
51:12 Conscription
52:17 Elite Throwing Axeman
53:33 Hoardings
53:54 Paladin
56:41 Plate Barding Armor
57:06 Blast Furnace
90:11 Elite Skirmisher
Ferna
7:36 Loom
9:41 Feudal Age
8:38 Double-Bit Axe
16:02 Horse Collar
20:36 Forging
25:22 Castle Age
24:23 Wheelbarrow
29:19 Cavalier
44:07 Hand Cart
46:21 Husbandry
50:51 Imperial Age
53:56 Bow Saw
53:54 Heavy Plow
54:06 Paladin
54:06 Light Cavalry
61:41 Iron Casting
61:12 Scale Barding Armor
74:01 Hussar
76:49 Crop Rotation
79:10 Two-Man Saw
81:49 Blast Furnace
87:16 Gold Mining
88:01 Chain Barding Armor
93:05 Plate Barding Armor
PatoCosta90
8:34 Loom
11:38 Feudal Age
12:37 Double-Bit Axe
12:52 Town Watch
15:14 Fletching
24:41 Castle Age
26:52 Stone Mining
28:09 Bow Saw
27:44 Horse Collar
31:58 Bloodlines
31:51 Husbandry
36:12 Ballistics
35:48 Murder Holes
36:04 Fortified Wall
36:06 Masonry
37:04 Gold Mining
38:14 Bodkin Arrow
38:30 Forging
38:26 Scale Barding Armor
38:22 Scale Mail Armor
42:04 Imperial Age
42:13 Elite Conquistador
43:29 Hoardings
43:18 Conscription
45:37 Chemistry
45:54 Bracer
46:31 Iron Casting
46:17 Chain Barding Armor
47:43 Guard Tower
48:29 Architecture
47:54 Guard Tower
47:56 Arrowslits
51:14 Blast Furnace
50:51 Plate Barding Armor
50:22 Padded Archer Armor
64:07 Wheelbarrow
63:33 Town Patrol
64:45 Two-Man Saw
68:58 Hand Cart
70:14 Caravan
73:08 Light Cavalry
73:58 Hussar
75:29 Cavalier
Connection lost

Rejoining the realm…

Still unreachable

The connection could not be restored.

Session expired

The server has moved on; the page needs a fresh start.